AoeStats
← careems.ea

Black Forest

503199057Analyzed
4v4 RM · 2mo ago on Aug 30, 2026· 60m 22s· 8 players
Game mode
Random Map
Map size
Large (8 player)
Population
200
Speed
Normal
Resources
Standard
Victory
Conquest
Starting age
Dark Age
Ending age
Imperial Age
RankedLock teamsTeams togetherTeam positionsShared explorationLock speedFull tech treeHidden civsTurbo modeCheats
Victory
Defeat
🇹🇷 Tatars · Türkiye
835
+11
🇹🇷 Mongols · Türkiye
813
+12
🇹🇷 Bohemians · Türkiye
772
+13
🇪🇸 Turks · Spain
742
+15
vs
🇺🇸 Cumans · United States
796
-16
🇦🇷 Persians · Argentina
713
-13
🇺🇸 Shu · United States
681
-11
🇦🇷 Persians · Argentina
680
-11
careems.ea
0:29 Loom
12:54 Feudal Age
14:19 Double-Bit Axe
14:18 Horse Collar
16:31 Gold Mining
16:34 Stone Mining
18:57 Wheelbarrow
23:06 Castle Age
24:48 Gold Shaft Mining
24:29 Bow Saw
24:22 Heavy Plow
24:42 Forging
24:38 Scale Barding Armor
24:40 Husbandry
25:01 Bloodlines
25:40 Town Watch
29:40 Town Patrol
30:09 Treadmill Crane
31:49 Iron Casting
31:35 Chain Barding Armor
32:06 Ballistics
31:24 Pikeman
31:51 Arson
33:37 Caravan
34:22 Hand Cart
34:07 Murder Holes
38:07 Imperial Age
35:50 Squires
36:55 Silk Armor
39:25 Crop Rotation
39:17 Conscription
39:08 Timurid Siegecraft
40:36 Blast Furnace
39:06 Elite Keshik
40:03 Timurid Siegecraft
41:24 Guilds
47:18 Chemistry
46:25 Siege Engineers
cekicphysics
1:42 Loom
12:28 Feudal Age
12:48 Man-at-Arms
17:02 Castle Age
15:05 Double-Bit Axe
16:25 Gold Mining
16:26 Horse Collar
16:51 Man-at-Arms
17:45 Padded Archer Armor
17:36 Fletching
19:31 Wheelbarrow
19:22 Bow Saw
22:38 Crossbowman
26:53 Heavy Plow
28:57 Squires
29:57 Caravan
31:02 Pikeman
32:47 Stone Mining
34:46 Gold Shaft Mining
34:41 Forging
36:21 Hand Cart
37:37 Elite Skirmisher
38:24 Thumb Ring
39:00 Stone Shaft Mining
43:39 Imperial Age
43:47 Coinage
43:45 Heavy Scorpion
44:18 Elite Mangudai
46:08 Leather Archer Armor
45:49 Bodkin Arrow
46:30 Iron Casting
46:15 Scale Mail Armor
46:45 Conscription
46:48 Drill
47:23 Scale Barding Armor
50:47 Bracer
51:49 Blast Furnace
51:05 Chain Mail Armor
51:53 Long Swordsman
53:17 Drill
53:30 Arson
54:04 Nomads
53:34 Sappers
53:55 Arbalester
56:14 Plate Mail Armor
56:05 Chain Barding Armor
56:24 Hoardings
DavinHo_Abascal_
0:28 Loom
12:27 Feudal Age
18:25 Castle Age
16:54 Stone Mining
20:00 Double-Bit Axe
26:20 Horse Collar
27:19 Bow Saw
28:32 Heavy Plow
30:46 Wheelbarrow
34:11 Imperial Age
33:13 Caravan
35:50 Gold Mining
37:07 Gold Shaft Mining
37:52 Two-Man Saw
37:27 Hand Cart
37:37 Artillery
38:04 Conscription
38:05 Sipahi
39:43 Heavy Scorpion
42:44 Bombard Tower
42:44 Ballistics
48:15 Capped Ram
ScorpioN
0:34 Loom
12:11 Feudal Age
13:48 Wheelbarrow
12:59 Town Watch
13:11 Double-Bit Axe
13:08 Horse Collar
21:38 Castle Age
22:44 Hand Cart
23:01 Bow Saw
22:55 Heavy Plow
23:39 Man-at-Arms
24:30 Elite Skirmisher
26:11 Padded Archer Armor
26:02 Fletching
28:42 Town Patrol
30:24 Husbandry
36:07 Bodkin Arrow
36:28 Leather Archer Armor
40:07 Imperial Age
37:39 Murder Holes
39:08 Caravan
40:34 Wagenburg Tactics
42:33 Chemistry
41:55 Ballistics
44:00 Elite Hussite Wagon
47:22 Houfnice
48:57 Masonry
54:50 Ring Archer Armor
54:21 Bracer
54:26 Scale Barding Armor
54:22 Scale Mail Armor
54:33 Forging
FARTKNOXX
0:48 Loom
14:31 Feudal Age
20:56 Castle Age
21:04 Stone Mining
22:27 Double-Bit Axe
22:30 Horse Collar
23:36 Bow Saw
23:44 Heavy Plow
26:58 Wheelbarrow
27:50 Gold Mining
30:01 Hand Cart
34:12 Crossbowman
35:49 Thumb Ring
38:02 Gold Shaft Mining
38:16 Elite Skirmisher
41:47 Padded Archer Armor
41:37 Fletching
42:43 Ballistics
42:20 Murder Holes
43:08 Leather Archer Armor
45:01 Forging
44:33 Pikeman
45:14 Squires
47:54 Scale Mail Armor
fedeguillen20
0:40 Loom
11:47 Feudal Age
13:53 Man-at-Arms
16:41 Arson
18:20 Forging
19:32 Scale Mail Armor
24:27 Castle Age
22:10 Horse Collar
23:56 Bloodlines
24:20 Double-Bit Axe
26:00 Squires
26:12 Long Swordsman
29:45 Husbandry
29:34 Gambesons
31:46 Crossbowman
33:19 Gold Mining
33:37 Fletching
40:08 Imperial Age
38:22 Wheelbarrow
37:33 Town Watch
38:44 Stone Mining
39:33 Iron Casting
39:06 Scale Barding Armor
40:51 Hand Cart
40:37 Town Patrol
40:54 Block Printing
41:15 Theocracy
41:26 Fervor
42:08 Gold Shaft Mining
41:46 Bow Saw
41:49 Thumb Ring
42:39 Conscription
42:33 Heavy Plow
43:36 Chemistry
42:34 Murder Holes
43:27 Stone Shaft Mining
43:16 Ballistics
44:07 Crop Rotation
43:59 Kamandaran
47:58 Two-Man Saw
49:26 Caravan
52:11 Blast Furnace
51:07 Bodkin Arrow
51:14 Padded Archer Armor
51:16 Elite War Elephant
52:33 Hoardings
51:23 Pikeman
52:25 Light Cavalry
55:33 Leather Archer Armor
55:40 Chain Barding Armor
55:35 Chain Mail Armor
JuaniiHalls
1:25 Loom
11:36 Feudal Age
12:43 Double-Bit Axe
12:41 Horse Collar
14:39 Town Watch
18:25 Wheelbarrow
21:50 Castle Age
20:22 Gold Mining
25:06 Bow Saw
25:02 Heavy Plow
25:43 Stone Mining
26:59 Gold Shaft Mining
27:29 Stone Shaft Mining
27:14 Caravan
28:03 Hand Cart
31:35 Imperial Age
29:07 Crossbowman
29:34 Arson
29:49 Squires
30:10 Murder Holes
31:16 Town Patrol
31:47 Husbandry
32:05 Bloodlines
33:27 Crop Rotation
34:11 Two-Man Saw
33:13 Pikeman
34:18 Conscription
34:27 Ballistics
34:37 Citadels
33:53 Halberdier
35:28 Kamandaran
37:20 Hoardings
39:05 Chemistry
41:09 Heavy Camel Rider
43:41 Onager
46:34 Thumb Ring
52:09 Elite War Elephant
52:27 Heavy Scorpion
52:30 Capped Ram
53:49 Man-at-Arms
54:15 Gambesons
58:21 Scale Barding Armor
58:16 Scale Mail Armor
58:17 Padded Archer Armor
58:08 Fletching
58:29 Forging
58:32 Masonry
59:56 Long Swordsman
Knight826x
0:32 Loom
13:56 Feudal Age
19:07 Castle Age
20:42 Horse Collar
20:53 Double-Bit Axe
20:52 Horse Collar
24:14 Heavy Plow
24:44 Bow Saw
33:25 Imperial Age
32:00 Wheelbarrow
33:27 Bloodlines
33:33 Scale Barding Armor
32:54 Light Cavalry
34:12 Fletching
34:25 Padded Archer Armor
34:46 Elite Kipchak
36:48 Hand Cart
36:19 Hussar
37:48 Bodkin Arrow
38:16 Chain Barding Armor
38:14 Leather Archer Armor
38:10 Forging
38:44 Crop Rotation
39:38 Ring Archer Armor
40:52 Plate Barding Armor
41:17 Murder Holes
41:33 Masonry
41:36 Thumb Ring
41:57 Parthian Tactics
44:07 Iron Casting
46:12 Blast Furnace
48:10 Pikeman
49:02 Halberdier
50:24 Scale Mail Armor
51:41 Chain Mail Armor
53:13 Plate Mail Armor
Connection lost

Rejoining the realm…

Still unreachable

The connection could not be restored.

Session expired

The server has moved on; the page needs a fresh start.